 Dungeon Crawl Stone Soup version 0.28.0-49-g6dfe1f597d (webtiles) character file.

Game seed: 12715316312558458782

2114 mortz the Destroyer (level 9, 0/52 HPs)
             Began as an Octopode Conjurer on May 15, 2022.
             Was an Initiate of Vehumet.
             Slain by a sky beast (3 damage)
             ... on level 7 of the Dungeon on May 16, 2022.
             The game lasted 00:31:35 (7905 turns).

mortz the Destroyer (Octopode Conjurer)             Turns: 7905, Time: 00:31:36

Health: 0/52       AC:  1    Str:  6    XL:     9   Next: 29%
Magic:  20/20      EV: 13    Int: 24    God:    Vehumet [......]
Gold:   296        SH:  0    Dex: 11    Spells: 10/23 levels left

rFire   . . .      SeeInvis .   l - +0 long sword {long}
rCold   + . .      Faith    .   (no shield)
rNeg    . . .      Spirit   .   (helmet restricted)
rPois   .          Reflect  .   g - amulet of magic regeneration {@e2}
rElec   .          Harm     .   h - ring of protection from cold
rCorr   .          Rampage  .   (no ring)
Will    .....                   (no ring)
Stlth   ++++......              (no ring)
HPRegen 0.17/turn               (no ring)
MPRegen 0.57/turn               (no ring)
                                (no ring)
                                (no ring)

@: lethally poisoned (0 -> -4), about to teleport
A: almost no armour, amphibious, 8 rings, camouflage 1, gelatinous body 1,
(nimble swimmer 1), tentacles
a: Renounce Religion


You were on level 7 of the Dungeon.
You worshipped Vehumet.
Vehumet was noncommittal.
You visited 2 branches of the dungeon, and saw 8 of its levels.

You collected 296 gold pieces.


Innate Abilities, Weirdness & Mutations

You cannot wear most types of armour.
You are amphibious.
You can wear up to eight rings at the same time.
Your skin changes colour to match your surroundings (Stealth+).
Your rubbery body absorbs attacks. (AC +1, EV +1)
((You are camouflaged when in or above water. (Stealth+)))
You have tentacles for arms and can constrict up to eight enemies at once.


   Skills:
 + Level 0.6 Fighting
 + Level 2.9 Dodging
 + Level 4.9 Stealth
 + Level 7.5 Spellcasting
 + Level 9.3 Conjurations
 + Level 5.3 Hexes
 + Level 7.9 Translocations
 * Level 0.2 Fire Magic


You had 10 spell levels left.
You knew the following spells:

 Your Spells              Type           Power      Damage    Failure   Level
a - Magic Dart            Conj           100%       1d8       1%          1
b - Searing Ray           Conj           100%       2d8       1%          2
c - Iskenderun's Mystic   Conj/Tloc      50%        2d11      1%          4
d - Blink                 Tloc           94%        N/A       1%          2
e - Fulminant Prism       Conj/Hex       22%        3d13      3%          4

Your spell library contained the following spells:

 Spells                   Type           Power      Damage    Failure   Level
 Dazzling Flash           Conj/Hex       88%        N/A       1%          3
 Conjure Flame            Conj/Fire      32%        6-21      2%          3
 Animate Skeleton         Necr           18%        N/A       7%          1
 Pain                     Necr           36%        1d5       7%          1
 Manifold Assault         Tloc           47%        N/A       7%          5
 Sticky Flame             Conj/Fire      32%        2d5       10%         4
 Corpse Rot               Necr/Air       18%        N/A       11%         2
 Poisonous Vapours        Pois/Air       18%        N/A       11%         2
 Ignite Poison            Fire/Tmut/Pois 9%         N/A       21%         3
 Vampiric Draining        Necr           9%         2d6       21%         3
 Storm Form               Tmut/Air       4%         N/A       100%        7

Inventory:

Hand Weapons
 l - a +0 long sword (weapon) {long}
   (You found it on level 1 of the Dungeon)
 t - a +0 war axe {axe}
   (You took it off an orc on level 4 of the Dungeon)
 x - the +4 rapier "Nupsoll" {freeze, Drain Will+++ rCorr, short}
   (You found it on level 6 of the Dungeon)

   It freezes those it strikes, dealing additional cold damage.
   It can also slow down cold-blooded creatures.
   rCorr:     It protects you from acid and corrosion.
   Drain:     It drains your maximum health when unequipped.
   Will:      It greatly increases your willpower.
Missiles
 b - 2 silver boomerangs {throwing}
 c - 7 boomerangs {throwing}
 f - 158 stones {throwing}
 u - 4 poisoned darts {throwing}
Jewellery
 g - an amulet of magic regeneration (around mantle) {@e2}
   (You found it on level 6 of the Dungeon)
 h - a ring of protection from cold (left tentacle)
   (You found it on level 1 of the Dungeon)
 m - a ring of fire
   (You found it on level 2 of the Dungeon)
Wands
 w - a wand of flame (19)
   (You found it on level 6 of the Dungeon)
 y - a wand of acid (8)
   (You found it on level 6 of the Dungeon)
 z - a wand of paralysis (9)
   (You found it on level 6 of the Dungeon)
Scrolls
 a - a scroll of blinking {unknown}
 d - a scroll of fear {unknown}
 i - a scroll of fog {unknown}
 k - a scroll of teleportation {@r4}
 o - a scroll of summoning {unknown}
 r - 2 scrolls of identify {@r1}
 s - a scroll of immolation {unknown}
 v - a scroll of vulnerability {unknown}
Potions
 e - 2 potions of might
 j - a potion of ambrosia
 n - 3 potions of haste {@q3}
 p - a potion of mutation {!q}
 q - 2 potions of lignification {!q}

Dungeon Overview and Level Annotations

Branches:
Dungeon (7/15)             Temple (1/1) D:5

Altars:
Ashenzari
Cheibriados
Dithmenos
Elyvilon
Fedhas
Gozag
Hepliaklqana
Kikubaaqudgha
Makhleb
Nemelex Xobeh
Okawaru
Qazlal
Ru
Trog
Uskayaw
Vehumet
Wu Jian
Xom
Yredelemnul
Zin
The Shining One

Shops:
D:2 ?

Annotations:
D:5 3 runed translucent doors, Eustachio; Rudyous's ghost, novice FoFi

.........## #. ...
..........###.. ...#...
.... ........#.....#
.#.#..> .....
#.#######>....# .......
..... .............##
....... .....
..........##..## o......
.....
...##.....###..##oK....K
.....
...###.#...>.....oK....K
.....
.#####.###.###.o@o#.K..
..... .#
#........)....l...#.
..... ##
####...##.....K......
..... .#
#......#.##.........
.....
.#....##.#.....#........
..... ......#.#...##.##
..### ##........!.......
.## ####.......... .. .#
###..... .


You could see a kobold brigand, an iguana, an orc priest, 4 orcs and 4 kobolds.


Message History

The searing ray hits the orc priest but does no damage. (Press . to maintain the ray.) 😎 MP[-1]
You lost 1 mp, and now have 17/20 mp.
Unknown command. 😎 MP[+1] 😎 MP[+1]
A sky beast comes into view.
The orc priest mumbles some strange prayers to Beogh against you.
Beogh smites you!
You hear a shout! 😕 HP[-12]
You take 12 damage, and now have 40/52 hp.
MASSIVE DAMAGE!! (PAUSE)
Casting: Searing Ray (safe; 1% risk of failure)
Confirm with . or Enter, or press ? or * to list all spells.
Aiming: Searing Ray (safe; 1% risk of failure)
Press: ? - help, Shift-Dir - straight line, f/p - orc priest
Aim: an orc priest, wielding a +0 club and wearing a +0 ring mail (severely wounded, 85% to hit)
The searing ray hits the sky beast.
The searing ray hits the orc priest. (Press . to maintain the ray.)
The orc priest looks braver for a moment.
The sky beast barely misses you. 😕 MP[-1]
You lost 1 mp, and now have 18/20 mp.
The searing ray hits the sky beast!
The searing ray misses the orc priest.
The sky beast hits you.
The sky beast shocks you. 😮 HP[-8] MP[-1]
You take 8 damage, and now have 32/52 hp.
You lost 1 mp, and now have 17/20 mp.
The searing ray hits the sky beast!
The searing ray hits the orc priest!
You kill the orc priest!
Vehumet accepts your kill. The sky beast misses you.
The searing ray hits the sky beast!
You finish channelling your searing ray.
The sky beast hits you. The sky beast shocks you.
* * * LOW HITPOINT WARNING * * *
😨 HP[-6]
You take 6 damage, and now have 26/52 hp.
The sky beast barely misses you.
The orc priest shouts!
You hear an angry hiss.
There is a stone staircase leading down here. 😨 MP[+1]
The orc priest invokes the aid of Beogh against you.
You struggle to resist.
An iguana comes into view.
A kobold comes into view. It is wielding a +0 dagger. 😨 MP[+1]
An orc comes into view. It is wielding a +0 hand axe.
A kobold comes into view. It is wielding a +0 short sword.
An orc comes into view. It is wielding a +0 flail.
A kobold brigand comes into view.
It is wielding a +0 short sword of holy wrath and quivering poisoned darts.
An orc comes into view. It is wielding a +0 mace.
An orc comes into view. It is wielding a +0 dagger.
The orc priest closely misses you. 😮 HP[+1] MP[+1]
Your mp is fully restored (20).
Found a short sword.
Found a stone staircase leading down.
The sky beast flickers out of sight!
Deactivating autopickup; reactivate with Ctrl-A.
The iguana closely misses you. The orc priest barely misses you.
The orc shouts!
The kobold shouts!
The orc shouts! x3
You hit the orc but do no damage. You grab the orc.
You squeeze the orc, but do no damage. You constrict the orc.
You hear a shout!
The orc drinks a potion.
The orc seems to speed up.
The iguana closely misses you.
The kobold brigand throws a poisoned dart.
The poisoned dart hits you!
You are poisoned.
The orc priest calls down the wrath of Beogh upon you.
Pain shoots through your body!
* * * LOW HITPOINT WARNING * * *
The sky beast flickers out of sight!
A kobold comes into view. It is wielding a +0 trident.
The orc misses you. 😨 HP[-12]
You take 12 damage, and now have 15/52 hp.
MASSIVE DAMAGE!! (PAUSE)
As you read the scroll of teleportation {@r4}, it crumbles to dust.
You feel strangely unstable.
You constrict the orc, but do no damage.
You feel sick. The iguana completely misses you. The orc closely misses you.
The orc priest hits you with a +0 hand axe.
* * * LOW HITPOINT WARNING * * *
The orc hits you with a +0 hand axe.
* * * LOW HITPOINT WARNING * * *
Something barely misses you.
A kobold comes into view.
It is wielding a +2 short sword of electrocution. 😱 HP[-9]
You take 9 damage, and now have 6/52 hp.
Unknown command.
You closely miss something. You constrict the orc.
* * * LOW HITPOINT WARNING * * *
You feel very sick. The orc closely misses you. Something hits you.
You die...

Skill      XL: |  1  2  3  4  5  6  7  8 |
---------------+-------------------------+-----
Stealth        | 3 4 |  4.9
Conjurations   | 5 6 7 9 |  9.3
Spellcasting   | 3 4 5 7 |  7.5
Translocations | 1 7 |  7.9
Hexes          | 5 |  5.3
Fighting       | |  0.6
Dodging        | |  2.9
Fire Magic     | |  0.2

Action                   |  1- 3 |  4- 6 |  7- 9 || total
-------------------------+-------+-------+-------++-------
Melee: Dagger            |     8 |       |       ||     8
       Constrict         |     2 |       |     1 ||     3
       Tentacles         |     1 |       |     1 ||     2
       Long sword        |       |       |     2 ||     2
 Cast: Magic Dart        |    35 |    52 |    26 ||   113
       Searing Ray       |    10 |    32 |    30 ||    72
  Use: Scroll            |     2 |     5 |     4 ||    11
       Potion            |       |     1 |     2 ||     3
Armor: Skin              |     2 |     3 |     1 ||     6
Dodge: Dodged            |     6 |    16 |    19 ||    41

Levels and vault maps discovered:
D:1:      ebering_trefoil_3fold, layout_loops_ring, minmay_three_crescents
D:2:      layout_basic, serial_shops, nicolae_shop_stone
D:3:      layout_basic, hellmonk_ecumenical_altar_run_dry, minmay_ruptured,
          uniq_terence
D:4:      nicolae_cairo_tiling_large_dashed, layout_rooms, uniq_menkaure
D:5:      layout_rooms, temple_fountains, ebering_ghost_gozag,
          nicolae_ossuary_entry_false_entrances, uniq_eustachio
D:6:      layout_loops_cross
D:7:      layout_rooms, nicolae_evil_shop
Temple:   mainiacjoe_temple_trianglar_array

Notes
Turn   | Place    | Note
-------+----------+-------------------------------------------
     0 | D:1      | mortz the Octopode Conjurer began the quest for the Orb.
     0 | D:1      | Reached XP level 1. HP: 11/11 MP: 3/3
     0 | D:1      | magus.rc [v1.9.6]
   214 | D:1      | Reached XP level 2. HP: 17/17 MP: 3/5
   257 | D:1      | Learned a level 2 spell: Searing Ray
   681 | D:1      | Reached skill level 3 in Stealth
   697 | D:1      | Reached XP level 3. HP: 21/21 MP: 1/6
  1064 | D:2      | Found Ubunufaq's Magic Scroll Shoppe.
  1370 | D:2      | Reached skill level 5 in Conjurations
  1412 | D:2      | Reached XP level 4. HP: 27/27 MP: 4/7
  1738 | D:2      | You add the spells Blink, Manifold Assault and Storm Form
                  | to your library.
  2577 | D:3      | Reached XP level 5. HP: 31/31 MP: 2/9
  2966 | D:3      | Found a faded altar of an unknown god.
  3069 | D:3      | Noticed Terence
  3080 | D:3      | Killed Terence
  4023 | D:4      | You pick up a book of Vapours and begin reading...
  4023 | D:4      | You add the spells Poisonous Vapours and Corpse Rot to your
                  | library.
  4076 | D:4      | Noticed a necrophage
  4079 | D:4      | Noticed Menkaure
  4125 | D:3      | magus.rc [v1.9.6]
  4351 | D:4      | Reached skill level 3 in Spellcasting
  4638 | D:4      | Killed Menkaure
  4639 | D:4      | Reached skill level 4 in Stealth
  4639 | D:4      | Reached skill level 6 in Conjurations
  4639 | D:4      | Reached XP level 6. HP: 20/36 MP: 1/11
  4840 | D:4      | Killed a necrophage
  4935 | D:5      | Entered Level 5 of the Dungeon
  4935 | D:5      | Found a runed translucent gate.
  4935 | D:5      | Found a runed translucent gate.
  4935 | D:5      | Found an opulent altar of Gozag.
  4936 | D:5      | Found a runed translucent gate.
  4941 | D:5      | Reached skill level 4 in Spellcasting
  5043 | D:5      | HP: 4/36 [gnoll/+0 whip (9)]
  5054 | D:5      | Reached XP level 7. HP: 22/41 MP: 6/13
  5056 | D:5      | HP: 8/41 [gnoll/+0 spear (5)]
  5313 | D:5      | HP: 10/41 [poisoned by a scorpion]
  5465 | D:5      | Found a staircase to the Ecumenical Temple.
  5751 | D:5      | Noticed a two-headed ogre
  5751 | D:5      | Noticed Rudyous's ghost (novice FoFi)
  5876 | D:5      | Noticed Eustachio
  5987 | Temple   | Entered the Ecumenical Temple
  6103 | Temple   | Became a worshipper of Vehumet
  6609 | D:6      | Reached skill level 7 in Conjurations
  6616 | D:6      | You pick up a book of Necromancy and begin reading...
  6616 | D:6      | You add the spells Pain, Animate Skeleton and Vampiric
                  | Draining to your library.
  6750 | D:6      | Reached skill level 5 in Spellcasting
  6865 | D:6      | Reached skill level 1 in Translocations
  6865 | D:6      | Reached XP level 8. HP: 15/47 MP: 10/15
  6868 | D:6      | HP: 11/47 [poisoned by a water moccasin]
  7222 | D:6      | Identified the +4 rapier "Nupsoll" {freeze, Drain Will+++
                  | rCorr}
  7474 | D:6      | Identified a potion of experience
  7475 | D:6      | Reached skill level 7 in Spellcasting
  7475 | D:6      | Reached skill level 9 in Conjurations
  7475 | D:6      | Reached skill level 5 in Hexes
  7475 | D:6      | Reached skill level 7 in Translocations
  7475 | D:6      | Reached XP level 9. HP: 52/52 MP: 16/20
  7487 | D:6      | Learned a level 4 spell: Iskenderun's Mystic Blast
  7490 | D:6      | Learned a level 2 spell: Blink
  7495 | D:6      | Learned a level 4 spell: Fulminant Prism
  7543 | D:6      | You add the spells Conjure Flame, Ignite Poison and Sticky
                  | Flame to your library.
  7904 | D:7      | HP: 13/52 [poisoned by a kobold brigand]
  7904 | D:7      | HP: 6/52 [orc/+0 hand axe (4)]
  7905 | D:7      | Slain by a sky beast

Vanquished Creatures
  Menkaure (D:4)
  A water moccasin (D:6)
  A sky beast (D:6)
  A necrophage (D:4)
  A bullfrog (D:6)
  2 scorpions
  4 hounds
  An orc priest (D:7)
  A gnoll shaman (D:5)
  4 iguanas
  Terence (D:3)
  A hound skeleton (D:5)
  A howler monkey zombie (D:6)
  5 gnolls (D:5)
  8 adders
  A white imp (D:6)
  An ufetubus (D:7)
  2 dart slugs (D:1)
  7 orcs
  11 ball pythons
  5 endoplasms
  5 giant cockroaches
  4 goblins
  5 hobgoblins
  7 jackals
  4 kobolds
  7 quokkas
  2 bats
  2 frilled lizards (D:1)
  3 rats
99 creatures vanquished.

Table legend:
 A = Non-vault XP
 B = Vault XP
 C = Vault XP percentage of total XP
 D = Non-vault monster count
 E = Vault monster count
 F = Vault count percentage of total count
                 A         B        C        D         E       F
            +---------+---------+-------+---------+---------+-------
      Total |    1397 |     235 |  14.4 |      88 |      11 |  11.1
            +---------+---------+-------+---------+---------+-------
        D:1 |      31 |      10 |  24.4 |      16 |       6 |  27.3
        D:2 |      77 |       0 |   0.0 |      18 |       0 |   0.0
        D:3 |      82 |      42 |  33.9 |      15 |       4 |  21.1
        D:4 |     152 |     183 |  54.6 |      11 |       1 |   8.3
        D:5 |     313 |       0 |   0.0 |      13 |       0 |   0.0
        D:6 |     693 |       0 |   0.0 |      13 |       0 |   0.0
        D:7 |      49 |       0 |   0.0 |       2 |       0 |   0.0
            +---------+---------+-------+---------+---------+-------

Illustrated notes

Table legend:
 A = Kills in this place as a percentage of kills in entire the game.
 B = Kills by you in this place as a percentage of kills by you in the entire game.
 C = Kills by friends in this place as a percentage of kills by friends in the entire game.
 D = Other kills in this place as a percentage of other kills in the entire game.
 E = Experience gained in this place as a percentage of experience gained in the entire game.
 F = Experience gained in this place divided by the number of levels of this place that you have seen.
                   A       B       C       D       E      F
               +-------+-------+-------+-------+-------+----------------------
         Total | 100.0 | 100.0 |   N/A |   N/A | 100.0 | 204.0
       Dungeon | 100.0 | 100.0 |   N/A |   N/A | 100.0 | 233.1
               +-------+-------+-------+-------+-------+----------------------

Table legend: (Time is in decaauts)
 A = Elapsed time spent in this place.
 B = Non-inter-level travel time spent in this place.
 C = Inter-level travel time spent in this place.
 D = Time resting spent in this place.
 E = Time spent auto-exploring this place.
 F = Levels seen in this place.
 G = Mean time per level.
                   A        B        C        D        E       F      G
               +--------+--------+--------+--------+--------+-----+--------+
         Total |   7908 |   7645 |    263 |   1343 |   5246 |   8 |  988.5 |
       Dungeon |   7529 |   7276 |    253 |   1343 |   4884 |   7 | 1075.6 |
        Temple |    378 |    368 |     10 |      0 |    362 |   1 |  378.0 |
               +--------+--------+--------+--------+--------+-----+--------+

Top non-repeatable levels by time:
     D:3: 1864 daAuts
     D:6: 1436 daAuts
     D:2: 1416 daAuts
     D:1: 1022 daAuts
     D:5: 980 daAuts
     D:4: 722 daAuts
  Temple: 378 daAuts
     D:7: 87 daAuts
